 Dungeon Crawl Stone Soup version 0.29-a0-284-gf9362112df (webtiles) character file.

Game seed: 5227012038824428376

0 spaghetti the Insei (level 1, -1/13 HPs)
             Began as an Octopode Transmuter on Mar 24, 2022.
             Slain by a kobold
             ... wielding a +0 dagger
              (4 damage)
             ... on level 1 of the Dungeon.
             The game lasted 00:00:21 (119 turns).

spaghetti the Insei (Octopode Transmuter)            Turns: 119, Time: 00:00:22

Health: -1/13      AC:  1    Str:  9    XL:     1   Next: 10%
Magic:  3/3        EV: 13    Int: 15    God:
Gold:   0          SH:  0    Dex: 12    Spells: 3/4 levels left

rFire   . . .      SeeInvis .     - Unarmed
rCold   . . .      Faith    .   (no shield)
rNeg    . . .      Spirit   .   (helmet restricted)
rPois   .          Reflect  .   (no amulet)
rElec   .          Harm     .   (no ring)
rCorr   .          Rampage  .   (no ring)
Will    .....                   (no ring)
Stlth   ++........              (no ring)
HPRegen 0.04/turn               (no ring)
MPRegen 0.08/turn               (no ring)
                                (no ring)
                                (no ring)

@: no status effects
A: almost no armour, amphibious, 8 rings, camouflage 1, gelatinous body 1,
(nimble swimmer 1), tentacles
a: no special abilities


You were on level 1 of the Dungeon.
You visited 1 branch of the dungeon, and saw 1 of its levels.


Innate Abilities, Weirdness & Mutations

You cannot wear most types of armour.
You are amphibious.
You can wear up to eight rings at the same time.
Your skin changes colour to match your surroundings (Stealth+).
Your rubbery body absorbs attacks. (AC +1, EV +1)
((You are camouflaged when in or above water. (Stealth+)))
You have tentacles for arms and can constrict up to eight enemies at once.


   Skills:
 - Level 1.0 Fighting
 - Level 2.0 Dodging
 - Level 3.0 Unarmed Combat
 - Level 2.0 Spellcasting
 + Level 2.0 Transmutations


You had 3 spell levels left.
You knew the following spells:

 Your Spells              Type           Power      Damage    Failure   Level
a - Beastly Appendage     Tmut           14%        N/A       10%         1

Your spell library contained the following spells:

 Spells                   Type           Power      Damage    Failure   Level
 Wereblood                Tmut           7%         N/A       14%         2
 Spider Form              Tmut/Pois      4%         N/A       41%         3
 Ice Form                 Ice/Tmut       4%         N/A       82%         4

Inventory:

Missiles
 d - 22 stones {throwing}
Scrolls
 e - a scroll of vulnerability {unknown}
 f - a scroll of teleportation {unknown}
Potions
 a - a potion of lignification {!q}
 b - 2 potions of curing {unknown}
 c - a potion of flight {unknown}

Dungeon Overview and Level Annotations

Branches:
Dungeon (1/15)

Altars:

Shops:
D:1

: ...##.#...#
.#.###.####.....
.#.# #...........
.#.###.######...#
.#..##.# #...#
.##.##.# #...#
###.##.# #...#
#.##.#
#...#####.#
#.##.#
#...@K....#
#.##.#
##..#######
##.##.#######..#
##...#..........#
#..............##
##...###########
##.## ###


You could see a kobold.


Message History

🤖 Initializing magus.rc ...
Options error: Delay interrupt name "hungry" not recognised. (~/.crawlrc:4761) Options error: Bad monster_list_colour key: strict_neutral (~/.crawlrc:4776) ✅ Successfully initialized magus.rc [v1.9.6] Welcome, spaghetti the Octopode Transmuter.
Will you be the one to retrieve the majestic Orb of Zot from the depths?
Press ? for a list of commands and other information.
Found an escape hatch in the floor.
Found a staircase leading out of the dungeon.
b - 2 lumpy orange potions
Found a faded altar of an unknown god.
c - a fizzy sapphire potion
d - 22 stones {throwing} Key pressed, stopping explore.
e - a scroll labelled TIDU ODYANARUJOF
Found Lous's Book Shoppe.
Found an escape hatch in the floor.
Press: ? - help, v - describe, . - travel The floor.
Sorry, I don't know how to get there.
You aren't carrying any items that you can evoke.
Unknown command.
There is an entrance to Lous's Book Shoppe here.
A ball python comes into view.
A ball python is nearby!
A ball python is nearby!
The helpless ball python fails to defend itself.
You tentacle-slap the ball python. Your grab misses the ball python.
Your squeeze misses the ball python. The ball python bites you.
The ball python misses you. 😕 HP[-1]
You take 1 damage, and now have 12/13 hp.
You tentacle-slap the ball python.
You kill the ball python!
You see here a ball python corpse.
You see here a ball python corpse.
Key pressed, stopping explore.
f - a scroll labelled XEAHUG MEHIA 😎 HP[+1]
Your hp is fully restored (13).
A kobold comes into view. It is wielding a +0 dagger.
A kobold is nearby!
The kobold hits you with a +0 dagger. 😕 HP[-2]
You take 2 damage, and now have 11/13 hp.
You tentacle-slap the kobold but do no damage.
Your grab misses the kobold.
The kobold hits you with a +0 dagger. 😮 HP[-4]
You take 4 damage, and now have 7/13 hp.
MASSIVE DAMAGE!! (PAUSE)
You tentacle-slap the kobold. Your grab misses the kobold.
The kobold hits you with a +0 dagger.
* * * LOW HITPOINT WARNING * * *
😨 HP[-2]
You take 2 damage, and now have 5/13 hp.
You closely miss the kobold. Your grab misses the kobold.
The kobold hits you with a +0 dagger.
* * * LOW HITPOINT WARNING * * *
😱 HP[-2]
You take 2 damage, and now have 3/13 hp.
You barely miss the kobold. You grab the kobold. You constrict the kobold.
The kobold hits you with a +0 dagger.
You die...

Action                   || total
-------------------------++-------
Melee: Unarmed           ||     6
       Constrict         ||     1
 Stab: Sleeping          ||     1
Dodge: Dodged            ||     1

Levels and vault maps discovered:
D:1:      dpeg_arrival_tiny_i, layout_loops_ring, serial_shops,
          nicolae_shop_competitors_out_of_business, shop_statue,
          nicolae_shop_overgrown_old_shop,
          shapermc_ecumenical_altar_totnotflames

Notes
Turn   | Place    | Note
-------+----------+-------------------------------------------
     0 | D:1      | spaghetti the Octopode Transmuter began the quest for the
                  | Orb.
     0 | D:1      | Reached XP level 1. HP: 13/13 MP: 3/3
     0 | D:1      | magus.rc [v1.9.6]
    15 | D:1      | Found a faded altar of an unknown god.
    40 | D:1      | Found Lous's Book Shoppe.
   118 | D:1      | HP: 3/13 [kobold/+0 dagger (2)]
   119 | D:1      | Slain by a kobold

Vanquished Creatures
  A ball python (D:1)
1 creature vanquished.

Table legend:
 A = Non-vault XP
 B = Vault XP
 C = Vault XP percentage of total XP
 D = Non-vault monster count
 E = Vault monster count
 F = Vault count percentage of total count
                 A         B        C        D         E       F
            +---------+---------+-------+---------+---------+-------
      Total |       1 |       0 |   0.0 |       1 |       0 |   0.0
            +---------+---------+-------+---------+---------+-------
        D:1 |       1 |       0 |   0.0 |       1 |       0 |   0.0
            +---------+---------+-------+---------+---------+-------

Illustrated notes

Table legend:
 A = Kills in this place as a percentage of kills in entire the game.
 B = Kills by you in this place as a percentage of kills by you in the entire game.
 C = Kills by friends in this place as a percentage of kills by friends in the entire game.
 D = Other kills in this place as a percentage of other kills in the entire game.
 E = Experience gained in this place as a percentage of experience gained in the entire game.
 F = Experience gained in this place divided by the number of levels of this place that you have seen.
                   A       B       C       D       E      F
               +-------+-------+-------+-------+-------+----------------------
         Total | 100.0 | 100.0 |   N/A |   N/A | 100.0 |   1.0
       Dungeon | 100.0 | 100.0 |   N/A |   N/A | 100.0 |   1.0
               +-------+-------+-------+-------+-------+----------------------

Table legend: (Time is in decaauts)
 A = Elapsed time spent in this place.
 B = Non-inter-level travel time spent in this place.
 C = Inter-level travel time spent in this place.
 D = Time resting spent in this place.
 E = Time spent auto-exploring this place.
 F = Levels seen in this place.
 G = Mean time per level.
                   A        B        C        D        E       F      G
               +--------+--------+--------+--------+--------+-----+--------+
         Total |    118 |    118 |      0 |      0 |    103 |   1 |  118.0 |
       Dungeon |    118 |    118 |      0 |      0 |    103 |   1 |  118.0 |
               +--------+--------+--------+--------+--------+-----+--------+

Top non-repeatable levels by time:
     D:1: 118 daAuts
